 Dungeon Crawl Stone Soup version 0.30.0-7-g0c4daa9e05 (webtiles) character file.

Game seed: 10417106570871241916

5854 Peloso the Carver (level 10, -2/91 HPs)
             Began as a Minotaur Fighter on May 13, 2023.
             Was a Priest of Okawaru.
             Killed from afar by an acid dragon (9 damage)
             ... with a splash of acid
             ... on level 9 of the Dungeon.
             The game lasted 00:15:46 (9981 turns).

Peloso the Carver (Minotaur Fighter)                Turns: 9981, Time: 00:15:47

Health: -2/91      AC: 14    Str: 22    XL:     10   Next: 52%
Magic:  9/9        EV:  7    Int:  5    God:    Okawaru [***...]
Gold:   504        SH:  6    Dex: 13    Spells: 9/9 levels left

rFire   . . .        b - +3 falchion (freeze)
rCold   . . .        d - +0 buckler
rNeg    . . .        h - +0 plate armour
rPois   .            (helmet restricted)
rElec   .            o - +0 cloak
rCorr   .            e - +0 pair of gloves
SInv    .            q - +0 pair of boots
Will    .....        (no amulet) Stlth
                     (no ring)
HPRegen 0.35/turn    (no ring)
MPRegen 0.11/turn

%: no passive effects
@: corroded
A: horns 2, retaliatory headbutt
a: Renounce Religion, Heroism


You were on level 9 of the Dungeon.
You worshipped Okawaru.
Okawaru was most pleased with you.
You visited 2 branches of the dungeon, and saw 10 of its levels.

You collected 504 gold pieces.

Inventory:

Hand Weapons
 a - a +1 long sword of flaming
 b - a +3 falchion of freezing (weapon)
 c - a +5 long sword
Missiles
 k - 2 throwing nets (quivered)
Armour
 d - a +0 buckler (worn)
 e - a +0 pair of gloves (worn)
 h - a +0 plate armour (worn)
 o - a +0 cloak (worn)
 q - a +0 pair of boots (worn)
 C - a +1 chain mail of cold resistance
Jewellery
 r - a ring of protection from fire
 t - a ring of resist corrosion
 D - a ring of protection from cold
 E - a ring of protection from fire
Wands
 y - a wand of flame (23)
 B - a wand of mindburst (13)
 F - a wand of quicksilver (2)
Scrolls
 f - 2 scrolls of teleportation
 l - a scroll of enchant weapon
 s - a scroll of fog
 u - a scroll of magic mapping {unknown}
 x - a scroll of identify
 A - a scroll of immolation {unknown}
 G - a scroll of blinking {unknown}
Potions
 g - 2 potions of might
 i - a potion of cancellation
 j - 4 potions of invisibility
 m - 4 potions of curing
 n - a potion of resistance {unknown}
 p - 3 potions of berserk rage
 v - a potion of flight {unknown}
 w - 2 potions of heal wounds {unknown}
 z - 2 potions of ambrosia


   Skills:
 + Level 9.6 Fighting
 + Level 12.4 Long Blades
 + Level 9.6 Armour
 + Level 2.8 Dodging
 + Level 0.5 Stealth
 + Level 7.3 Shields


You had 9 spell levels left.
You didn't know any spells.
Your spell library contained the following spells:

 Spells                   Type           Power      Damage    Failure   Level
 Slow                     Hex            0%         N/A       100%        1
 Sting                    Tmut/Pois      0%         1d3       100%        1
 Blink                    Tloc           0%         N/A       100%        2
 Ensorcelled Hibernation  Hex/Ice        0%         N/A       100%        2
 Lesser Beckoning         Tloc           0%         N/A       100%        2
 Momentum Strike          Conj/Tloc      0%         3d8       100%        2
 Passwall                 Tmut/Erth      0%         N/A       100%        2
 Poisonous Vapours        Pois/Air       0%         N/A       100%        2
 Confusing Touch          Hex            0%         N/A       100%        3
 Frozen Ramparts          Ice            0%         1d1       100%        3
 Portal Projectile        Hex/Tloc       0%         N/A       100%        3
 Swiftness                Air            0%         N/A       100%        3
 Vampiric Draining        Necr           0%         2d6       100%        3
 Ice Form                 Ice/Tmut       0%         N/A       100%        4
 Leda's Liquefaction      Hex/Erth       0%         N/A       100%        4
 Olgreb's Toxic Radiance  Pois           0%         N/A       100%        4
 Call Canine Familiar     Summ           Unusable   N/A       N/A         3
 Summon Ice Beast         Ice/Summ       Unusable   N/A       N/A         4

Dungeon Overview and Level Annotations

Branches:
Dungeon (9/15)             Temple (1/1) D:6            Lair (0/5) D:9
    Orc: D:9-12

Altars:
Ashenzari
Cheibriados
Dithmenos
Elyvilon
Fedhas
Gozag
Hepliaklqana
Kikubaaqudgha
Makhleb
Nemelex Xobeh
Okawaru
Qazlal
Ru
Sif Muna
Trog
Uskayaw
Vehumet
Wu Jian
Xom
Yredelemnul
Zin
The Shining One


Innate Abilities, Weirdness & Mutations

You have a pair of horns on your head.
You reflexively headbutt those who attack you in melee.


Message History

The killer bee stings you.
You are more poisoned.
The killer bee poisons you!
Unknown command.
You feel very sick. The killer bee stings you.
The killer bee stings you but does no damage.
You see here a killer bee corpse.
Unknown command.
You closely miss the killer bee.
The killer bee is almost dead.
You feel sick. The killer bee stings you.
You hit the killer bee but do no damage.
You headbutt the killer bee.
You kill the killer bee!
Okawaru accepts your kill.
You feel sick.
You feel sick.
You start resting.
You feel sick.
An acid dragon is nearby!
You feel sick. The acid dragon spits acid at you. The splash of acid hits you!!
* * * LOW HITPOINT WARNING * * *
You hear an angry buzzing noise. x5
You see here a killer bee corpse.
You feel sick. You block the acid dragon's attack.
The acid dragon claws you but does no damage.
You barely miss the acid dragon.
You feel sick.
You closely miss the acid dragon. Your headbutt misses the acid dragon.
You feel sick.
You are no longer poisoned.
The acid dragon bites you!
* * * LOW HITPOINT WARNING * * *
The acid dragon claws you but does no damage.
You slash the acid dragon! You freeze the acid dragon.
The acid dragon is moderately wounded.
The acid dragon spits acid at you. The splash of acid hits you!
You die...

###################
#.......^.........#
#....(............# .
#...........†.....# ...
#...........†@D...#.....
########.....###....$....
#......####### #.......##
#......# .......###
#......# #........#
#).....# #.....D##.#
#......#####+######.# !#
##.........>........# .
...#..................##


You could see an acid dragon (catching breath).

Vanquished Creatures
  Pikel (D:5)
  2 unseen horror zombies (D:9)
  A komodo dragon (D:9)
  Grinder (D:6)
  2 shadows (D:9)
  A wyvern (D:8)
  2 steam dragons (D:8)
  Edmund (D:6)
  2 orc warriors
  A black bear (D:7)
  3 ice beasts (D:6)
  3 sky beasts
  3 centaurs (D:9)
  2 lemures (D:4)
  2 wyvern zombies (D:9)
  Blork the orc (D:6)
  2 bullfrogs
  11 wights
  7 killer bees
  2 vampire bats (D:5)
  3 howler monkeys (D:7)
  3 orc priests
  2 gnoll boudas
  4 centaur zombies (D:9)
  2 jellies
  4 hounds
  A sleepcap (D:5)
  Terence (D:3)
  2 iguanas
  9 orc wizards
  3 howler monkey zombies (D:9)
  6 adders
  17 gnolls
  3 white imps
  2 dart slugs
  33 orcs
  2 bat skeletons (D:5)
  4 bat zombies (D:5)
  11 endoplasms
  6 giant cockroaches
  7 goblins
  10 hobgoblins
  7 jackals
  2 quokkas (D:3)
  6 ball pythons
  3 bats
  3 frilled lizards
  10 kobolds
  9 rats
225 creatures vanquished.

Vanquished Creatures (others)
  A gnoll (D:8)
1 creature vanquished.

Grand Total: 226 creatures vanquished

Notes
Turn   | Place    | Note
-------+----------+-------------------------------------------
     0 | D:1      | Peloso the Minotaur Fighter began the quest for the Orb.
     0 | D:1      | Reached XP level 1. HP: 19/19 MP: 0/0
   137 | D:1      | Reached XP level 2. HP: 15/27 MP: 1/1
   673 | D:1      | Reached skill level 3 in Long Blades
   867 | D:2      | Reached XP level 3. HP: 33/33 MP: 2/2
  1238 | D:2      | Found a faded altar of an unknown god.
  1488 | D:3      | Noticed Terence
  1500 | D:3      | Killed Terence
  1501 | D:3      | Reached XP level 4. HP: 17/41 MP: 3/3
  1687 | D:3      | Found a sparkling altar of Nemelex Xobeh.
  1698 | D:3      | Found a white marble altar of Elyvilon.
  1768 | D:3      | Reached skill level 4 in Long Blades
  2498 | D:4      | Reached XP level 5. HP: 47/47 MP: 4/4
  2541 | D:5      | Entered Level 5 of the Dungeon
  2552 | D:5      | Reached skill level 5 in Fighting
  3016 | D:3      | Reached skill level 5 in Long Blades
  3054 | D:3      | Reached skill level 1 in Dodging
  3054 | D:3      | Reached XP level 6. HP: 54/56 MP: 5/5
  3674 | D:5      | Noticed Pikel
  3802 | D:5      | Killed Pikel
  3803 | D:5      | Reached skill level 7 in Long Blades
  3803 | D:5      | Reached skill level 5 in Armour
  3803 | D:5      | Reached skill level 5 in Shields
  3803 | D:5      | Reached XP level 7. HP: 47/63 MP: 6/6
  3866 | D:5      | Found a burning altar of Makhleb.
  3867 | D:5      | Noticed a green death
  3877 | D:5      | Found a glowing silver altar of Zin.
  3877 | D:5      | Noticed an angel
  3918 | D:5      | Found a broken altar of Ashenzari.
  4310 | D:5      | Found an opulent altar of Gozag.
  4310 | D:5      | Found a shimmering blue altar of Sif Muna.
  4311 | D:5      | Found a stormy altar of Qazlal.
  4390 | D:5      | Found an ancient bone altar of Kikubaaqudgha.
  4394 | D:5      | Reached XP level 8. HP: 66/70 MP: 7/7
  4648 | D:6      | Noticed Grinder
  4674 | D:6      | Paralysed by Grinder for 4 turns
  4683 | D:6      | Killed Grinder
  4684 | D:6      | Reached skill level 8 in Long Blades
  5191 | D:6      | Noticed Edmund
  5210 | D:6      | Killed Edmund
  5455 | D:6      | Reached skill level 9 in Long Blades
  5460 | D:6      | Reached XP level 9. HP: 28/79 MP: 8/8
  5656 | D:6      | Noticed Blork the orc
  5668 | D:6      | Killed Blork the orc
  5877 | D:6      | Found a staircase to the Ecumenical Temple.
  6300 | Temple   | Entered the Ecumenical Temple
  6317 | Temple   | Became a worshipper of Warmaster Okawaru
  6397 | D:7      | Reached skill level 10 in Long Blades
  7233 | D:8      | Reached * piety under Okawaru
  7410 | D:8      | Reached skill level 11 in Long Blades
  7418 | D:8      | HP: 1/82 [wyvern (9)]
  7837 | D:8      | Found an ornate altar of the Wu Jian Council.
  8647 | D:9      | Reached ** piety under Okawaru
  8648 | D:9      | Reached XP level 10. HP: 87/90 MP: 9/9
  9145 | D:9      | Found a staircase to the Lair.
  9168 | D:9      | Reached skill level 12 in Long Blades
  9305 | D:9      | Reached *** piety under Okawaru
  9981 | D:9      | Killed from afar by an acid dragon

Illustrated notes

Levels and vault maps discovered:
D:1:      kennysheep_arrival_forest, layout_basic,
          chequers_serial_rivers_room_b, minivault_14, serial_park_tiny_pond,
          minmay_tromino_i4
D:2:      layout_rooms, shapermc_ecumenical_altar_hornbeckon,
          grunt_decor_one_mirror
D:3:      layout_loops_ring, amethyst_overflow_temple_binary,
          nicolae_figureground_sparkle, uniq_terence
D:4:      layout_basic
D:5:      layout_basic, grunt_temple_overflow_order_and_chaos_2,
          nicolae_ashenzari_panopticon, kennysheep_vampire_church,
          chequers_temple_overflow_statue_of_worship, uniq_pikel
D:6:      layout_basic, minmay_temple_entry_wispy, minmay_misc_feat_hallway,
          uniq_blork_the_orc, uniq_edmund, uniq_grinder
D:7:      layout_loops_cross
D:8:      layout_basic, nicolae_wu_jian_glorious_leap
D:9:      layout_gridville, david_lair_shrubbed, serial_undead, serial_undead_c,
          serial_undead_c, serial_undead_a, serial_undead_d, serial_undead_f,
          serial_undead_f, serial_undead_a, serial_undead_b, minivault_7
Temple:   hellmonk_temple_two_chambers

Skill      XL: |  1  2  3  4  5  6  7  8  9 10 |
---------------+-------------------------------+-----
Fighting       | 4 5 6 7 8 9 |  9.6
Long Blades    | 3 4 5 7 9 11 12 | 12.4
Armour         | 4 5 7 8 9 |  9.6
Shields        | 4 5 7 |  7.3
Dodging        | 1 2 |  2.8
Stealth        | |  0.5

Action                     |  1- 3 |  4- 6 |  7- 9 | 10-12 || total
---------------------------+-------+-------+-------+-------++-------
  Melee: Long sword        |   106 |   191 |    74 |       ||   371
         Headbutt          |    16 |    30 |    56 |    36 ||   138
         Falchion          |       |       |   224 |   150 ||   374
 Invoke: Heroism           |       |       |     1 |     1 ||     2
    Use: Scroll            |     5 |     2 |     5 |     1 ||    13
         Potion            |       |       |     3 |       ||     3
 Armour: Scale mail        |    10 |       |       |       ||    10
         Plate armour      |    62 |   153 |   192 |   124 ||   531
  Dodge: Dodged            |    37 |    49 |    94 |    60 ||   240
  Block: Buckler           |    34 |    36 |    85 |    52 ||   207
